 Dungeon Crawl Stone Soup version 0.29.1-12-g30fa7ad0bf (webtiles) character file.

Game seed: 10819341648869641293

1761 growler the Trooper (level 8, 0/70 HPs)
             Began as a Demonspawn Wanderer on Jan 3, 2023.
             Was an Initiate of Gozag.
             Slain by a gnoll sergeant
             ... wielding a +0 spear
              (4 damage)
             ... on level 8 of the Dungeon.
             The game lasted 00:14:08 (5680 turns).

growler the Trooper (Demonspawn Wanderer)           Turns: 5680, Time: 00:14:08

Health: 0/70       AC:  7    Str: 13    XL:     8   Next: 79%
Magic:  18/18      EV: 13    Int: 13    God:    Gozag
Gold:   534        SH:  5    Dex: 15    Spells: 8/9 levels left

rFire   . . .      SeeInvis .   i - +2 dagger (venom)
rCold   . . .      Faith    .   (no shield)
rNeg    . . .      Spirit   .   d - +2 leather armour
rPois   .          Reflect  +   (no helmet)
rElec   .          Harm     .   (no cloak)
rCorr   .          Rampage  .   (no gloves)
Will    .....                   (no boots)
Stlth   +.........              u - amulet of reflection
HPRegen 0.21/turn               h - ring of magical power
MPRegen 0.16/turn               (no ring)

@: about to teleport, gold aura
A: rugged brown scales 2, demonic magic 1, demonic touch 2
a: Renounce Religion, Potion Petition, Call Merchant, Bribe Branch


You were on level 8 of the Dungeon.
You worshipped Gozag.
Gozag was pleased with you.
You visited 2 branches of the dungeon, and saw 8 of its levels.

You collected 594 gold pieces.
You paid 60 gold pieces to Gozag.

Inventory:

Hand Weapons
 a - the +7 Throatcutter {drain, coup de grace}
   (You found it on level 5 of the Dungeon)

   A truly terrible weapon, it drains the life of any living foe it strikes.
   It may instantly kill foes which have little health.
 i - a +2 dagger of venom (weapon)
Missiles
 m - a throwing net
 y - 2 curare-tipped darts (quivered)
 z - 13 poisoned darts
Armour
 d - a +2 leather armour (worn)
Jewellery
 h - a ring of magical power (left hand)
 u - an amulet of reflection (around neck)
Wands
 t - a wand of iceblast (12)
 C - a wand of polymorph (13)
Scrolls
 f - a scroll of poison {unknown}
 g - a scroll of amnesia {unknown}
 j - a scroll of vulnerability {unknown}
 o - a scroll of summoning {unknown}
 q - 3 scrolls of magic mapping {unknown}
 r - a scroll of blinking {unknown}
 s - a scroll of fog {unknown}
 w - a scroll of enchant armour {unknown}
 B - 2 scrolls of identify
Potions
 b - 3 potions of lignification
 c - 3 potions of mutation
 e - a potion of curing
 k - 2 potions of cancellation
 l - a potion of haste
 p - 3 potions of attraction
 v - a potion of might
 x - a potion of magic
 A - 2 potions of heal wounds {unknown}


   Skills:
 - Level 7.0 Fighting
 - Level 5.0(6.4) Short Blades
 + Level 6.2(7.0) Long Blades
 - Level 1.0 Throwing
 - Level 4.5 Dodging
 - Level 1.0 Spellcasting
 - Level 1.0 Translocations
 - Level 1.2 Invocations


You had 8 spell levels left.
You knew the following spells:

 Your Spells              Type           Power      Damage    Failure   Level
a - Apportation           Tloc           6%         N/A       24%         1

Your spell library contained the following spells:

 Spells                   Type           Power      Damage    Failure   Level
 Static Discharge         Conj/Air       0%         3-3/arc   47%         2
 Portal Projectile        Hex/Tloc       2%         N/A       65%         3
 Alistair's Intoxication  Tmut/Pois      0%         N/A       100%        5
 Lightning Bolt           Conj/Air       0%         1d11      100%        5
 Maxwell's Capacitive Co  Air            0%         ∞         100%        8


Dungeon Overview and Level Annotations

Branches:
Dungeon (8/15)             Temple (1/1) D:4
   Lair: D:8-11

Altars:
Cheibriados
Dithmenos
Fedhas
Gozag
Hepliaklqana
Kikubaaqudgha
Makhleb
Nemelex Xobeh
Qazlal
Ru
Sif Muna
Trog
Uskayaw
Vehumet
Wu Jian
Xom
Yredelemnul

Shops:
D:5 *

Annotations:
D:5 1 runed translucent door, Crazy Yiuf
D:8 Maggie


Innate Abilities, Weirdness & Mutations

You are mostly covered in rugged brown scales. (AC +2, +5% HP)
Spells you cast may paralyse adjacent enemies.
Your touch may inflict irresistible damage on your foes.


Message History

The centaur completely misses you. The centaur closely misses you.
As you read the scroll of teleportation, it crumbles to dust.
You feel strangely unstable.
The centaur hits you but does no damage.
The centaur kicks you.
* * * LOW HITPOINT WARNING * * *
Unknown command.
You hit the centaur but do no damage.
The centaur looks as sick as possible!
The centaur is severely wounded.
The centaur hits you but does no damage.
The centaur closely misses you. You block the gnoll's attack.
The gnoll sergeant hits you from afar with a +0 spear!
* * * LOW HITPOINT WARNING * * *
A kobold comes into view. It is wielding a +0 club.
A kobold comes into view.
It is wielding a +1 vampiric short sword and quivering poisoned darts.
The centaur wields a +0 shortbow.
The centaur shoots an arrow.
The arrow barely misses you.
The centaur shoots an arrow.
The arrow hits you!
* * * LOW HITPOINT WARNING * * *
You hear a shout!
Unknown command.
Hit: i) +2 dagger (venom)
Press: ? - help, Dir - move target, f - you
Okay, then.
Aiming: Iceblast
Press: ? - help, Shift-Dir - straight line, f - centaur
Aim: a centaur, wielding a +0 shortbow (almost dead, extremely poisoned)
The mass of ice explodes!
The iceblast engulfs the centaur!
You kill the centaur!
You feel a bit more experienced.
The iceblast engulfs the gnoll!
The gnoll is severely wounded.
The iceblast engulfs the gnoll sergeant!
The gnoll sergeant is severely wounded.
The iceblast engulfs the kobold brigand!
The kobold brigand is moderately wounded.
The iceblast engulfs the gnoll!
The gnoll is severely wounded.
The gnoll is distracted by your dazzling golden aura.
The gnoll sergeant hits you from afar with a +0 spear.
You die...
Your body crumbles into a pile of gold.

##.....##
#.......#
#.......#
#.......#
##.....##
#.......##
#........###
#..........#
##..@..###.#
##...g#
####g.#


KKg.# .....g. ......g... ..# .......K.... .... #............ ..... #......K.....
...#. You could see a kobold brigand, a gnoll sergeant, 4 gnolls and a kobold.

Vanquished Creatures
  A hornet (D:8)
  Sigmund (D:6)
  An ice beast (D:5)
  An orc warrior (D:6)
  2 ogres
  A lemure (D:8)
  2 centaurs
  2 phantoms (D:5)
  5 kobold brigands (D:5)
  A bullfrog (D:8)
  A scorpion (D:4)
  2 hounds
  2 jellies
  2 orc priests
  Jessica (D:3)
  An orc wizard (D:6)
  2 adders
  2 shadow imps
  A white imp (D:6)
  3 worms
  3 dart slugs
  8 orcs
  4 endoplasms
  3 goblins
  3 hobgoblins
  3 jackals (D:5)
  8 kobolds
  5 quokkas
  7 ball pythons
  4 bats
  6 frilled lizards
  3 rats
91 creatures vanquished.

Notes
Turn   | Place    | Note
-------+----------+-------------------------------------------
     0 | D:1      | growler the Demonspawn Wanderer began the quest for the
                  | Orb.
     0 | D:1      | growler set off with the following items: a +0 club, a
                  | potion of lignification, a potion of mutation, a +2 leather
                  | armour; and the following spell memorised: Apportation; and
                  | the following spells available to memorise: Portal
                  | Projectile.
     0 | D:1      | Reached XP level 1. HP: 15/15 MP: 2/2
   190 | D:1      | Reached skill level 2 in Fighting
   304 | D:1      | Gained mutation: Spells you cast may paralyse adjacent
                  | enemies. [demonic ancestry]
   304 | D:1      | Reached XP level 2. HP: 22/22 MP: 3/3
   413 | D:1      | Found a faded altar of an unknown god.
   987 | D:2      | Reached skill level 1 in Short Blades
   994 | D:2      | Found a sacrificial altar of Ru.
  1231 | D:2      | Reached XP level 3. HP: 26/28 MP: 4/4
  1761 | D:3      | Noticed Jessica
  1766 | D:3      | Killed Jessica
  1767 | D:3      | Reached skill level 3 in Fighting
  1767 | D:3      | Gained mutation: Your touch may inflict minor irresistible
                  | damage on your foes. [demonic ancestry]
  1767 | D:3      | Reached XP level 4. HP: 35/35 MP: 5/5
  2787 | D:4      | Noticed an ogre
  2802 | D:4      | Killed an ogre
  2803 | D:4      | Reached skill level 4 in Fighting
  2803 | D:4      | Gained mutation: You are partially covered in rugged brown
                  | scales. (AC +1, +3% HP) [demonic ancestry]
  2803 | D:4      | Reached XP level 5. HP: 14/43 MP: 6/6
  3046 | D:4      | Found a staircase to the Ecumenical Temple.
  3056 | Temple   | Entered the Ecumenical Temple
  3148 | Temple   | Became a worshipper of Gozag Ym Sagoz the Greedy
  3172 | D:4      | Gained mutation: Your touch may inflict irresistible damage
                  | on your foes. [demonic ancestry]
  3172 | D:4      | Reached XP level 6. HP: 50/50 MP: 7/7
  3478 | D:5      | Entered Level 5 of the Dungeon
  3711 | D:5      | Reached skill level 5 in Fighting
  3797 | D:5      | Reached XP level 7. HP: 57/57 MP: 8/8
  3862 | D:5      | Found Zin's Purification Station.
  4078 | D:5      | Found a runed translucent door.
  4079 | D:5      | Noticed Crazy Yiuf
  4166 | D:5      | Found a radiant altar of Vehumet.
  4257 | D:5      | Found the +7 Throatcutter {drain, coup de grace}
  4278 | D:5      | Reached skill level 6 in Fighting
  4278 | D:5      | Reached skill level 5 in Short Blades
  4614 | D:5      | Reached skill level 7 in Fighting
  4614 | D:5      | Reached skill level 1 in Long Blades
  4614 | D:5      | Gained mutation: You are mostly covered in rugged brown
                  | scales. (AC +2, +5% HP) [demonic ancestry]
  4614 | D:5      | Reached XP level 8. HP: 52/70 MP: 9/9
  5258 | D:6      | Noticed Sigmund
  5267 | D:6      | Killed Sigmund
  5419 | D:6      | You fall into a shaft and drop 2 floors!
  5548 | D:8      | Reached skill level 5 in Long Blades
  5624 | D:8      | Noticed Maggie
  5624 | D:8      | Noticed a hornet
  5658 | D:8      | Killed a hornet
  5680 | D:8      | Slain by a gnoll sergeant

Illustrated notes

Levels and vault maps discovered:
D:1:      dpeg_arrival_short_road, layout_loops_ring,
          shapermc_ecumenical_altar_starsandcircs, ebering_dispersal_statue_hall
D:2:      layout_basic, basic_altar, hangedman_abyss_or_decor_lesser_grid,
          minmay_hexomino_r4
D:3:      layout_basic, minivault_27, uniq_jessica
D:4:      layout_basic, minmay_temple_entry_ruins
D:5:      layout_basic, zin_purify, kennysheep_mini,
          dilly_guarded_unrand_throatcut, uniq_crazy_yiuf_cottage
D:6:      layout_basic, evilmike_ruin_ashenzari, uniq_grinder, uniq_sigmund,
          uniq_edmund
D:8:      layout_rooms, uniq_pikel, uniq_maggie
Temple:   regret_index_temple_mists

Skill      XL: |  1  2  3  4  5  6  7  8 |
---------------+-------------------------+-----
Fighting       | 2 3 4 5 7 |  7.0
Short Blades   | 1 2 3 4 5 |  5.0
Long Blades    | 1 6 |  6.2
Throwing       | |  1.0
Dodging        | |  4.5
Spellcasting   | |  1.0
Translocations | |  1.0
Invocations    | |  1.2

Action                   |  1- 3 |  4- 6 |  7- 9 || total
-------------------------+-------+-------+-------++-------
Melee: Club              |    16 |       |       ||    16
       Dagger            |    80 |    85 |   125 ||   290
       Punch             |     1 |       |     1 ||     2
       Touch             |       |    16 |    23 ||    39
Throw: Dart              |       |       |     1 ||     1
Evoke: Wand              |       |       |     4 ||     4
  Use: Scroll            |       |     8 |     2 ||    10
       Potion            |       |       |     2 ||     2
 Stab: Sleeping          |     1 |       |     1 ||     2
Armor: Leather armour    |    32 |    18 |    28 ||    78
Dodge: Dodged            |    63 |    40 |    56 ||   159
Block: Other             |       |    13 |    16 ||    29
       Reflection        |       |     1 |     1 ||     2
